 Dungeon Crawl Stone Soup version 0.28.0-47-ge53b351184 (webtiles) character file.

Game seed: 7634319902846997965

161 firemarshallily the Caller (level 5, -4/35 HPs)
             Began as a Merfolk Summoner on May 10, 2022.
             Was a Believer of Makhleb.
             Slain by Edmund
             ... wielding a +2 dire flail of venom
              (14 damage)
             ... on level 4 of the Dungeon.
             The game lasted 00:14:37 (3162 turns).

firemarshallily the Caller (Merfolk Summoner)       Turns: 3162, Time: 00:14:37

Health: -4/35      AC:  4    Str:  8    XL:     5   Next: 42%
Magic:  5/10       EV: 13    Int: 17    God:    Makhleb [**....]
Gold:   67         SH:  0    Dex: 14    Spells: 5/11 levels left

rFire   . . .      SeeInvis .   f - +0 whip (venom)
rCold   . . .      Faith    .   (no shield)
rNeg    + . .      Spirit   .   a - +0 robe
rPois   +          Reflect  .   (no helmet)
rElec   .          Harm     .   (no cloak)
rCorr   .          Rampage  .   (no gloves)
Will    .....                   k - +1 pair of boots
Stlth   ++........              (no amulet)
HPRegen 0.11/turn               i - ring of poison resistance
MPRegen 0.12/turn               n - ring of positive energy

@: no status effects
A: (nimble swimmer 2), mertail
a: Renounce Religion, Minor Destruction


You were on level 4 of the Dungeon.
You worshipped Makhleb.
Makhleb was pleased with you.
You visited 1 branch of the dungeon, and saw 4 of its levels.

You collected 67 gold pieces.

Inventory:

Hand Weapons
 f - a +0 whip of venom (weapon)
Missiles
 b - 103 stones
 j - 2 poisoned darts (quivered)
Armour
 a - a +0 robe (worn)
 k - a +1 pair of boots (worn)
Jewellery
 c - a ring of ice
 i - a ring of poison resistance (left hand)
 n - a ring of positive energy (right hand)
Scrolls
 d - a scroll of holy word
 m - a scroll of teleportation
 q - a scroll of magic mapping
Potions
 e - a potion of lignification {unknown}
 h - 2 potions of heal wounds
 l - a potion of brilliance {unknown}
 r - a potion of degeneration {unknown}


   Skills:
 - Level 3.0 Dodging
 - Level 2.1 Stealth
 * Level 3.7 Spellcasting
 * Level 5.4 Summonings


You had 5 spell levels left.
You knew the following spells:

 Your Spells              Type           Power      Damage    Failure   Level
a - Summon Small Mammal   Summ           84%        N/A       1%          1
b - Call Imp              Summ           21%        N/A       2%          2
c - Call Canine Familiar  Summ           21%        N/A       5%          3

Your spell library contained the following spells:

 Spells                   Type           Power      Damage    Failure   Level
 Sting                    Tmut/Pois      12%        1d3       16%         1
 Summon Guardian Golem    Hex/Summ       12%        N/A       16%         3
 Poisonous Vapours        Pois/Air       6%         N/A       24%         2
 Summon Lightning Spire   Summ/Air       12%        N/A       47%         4
 Olgreb's Toxic Radiance  Pois           3%         N/A       85%         4


Dungeon Overview and Level Annotations

Branches:
Dungeon (4/15)
 Temple: D:4-7

Altars:
Makhleb

Annotations:
D:4 Edmund


Innate Abilities, Weirdness & Mutations

((You are very nimble when in or above water. (Stealth+, EV+, Speed+++)))
Your lower body shifts to a powerful aquatic tail in water.


Message History

You feel very sick.
Your hound bites Edmund.
Your quokka closely misses Edmund.
Your crimson imp hits Edmund but does no damage.
You feel very sick.
Your hound bites Edmund but does no damage.
Your crimson imp blinks!
The hobgoblin hits your hound.
You feel sick.
Your crimson imp hits Edmund.
You feel sick.
Your hound barely misses Edmund.
Edmund hits your crimson imp with a +2 dire flail of venom!
Your crimson imp is poisoned.
Your crimson imp hits Edmund but does no damage.
Your quokka bites Edmund but does no damage.
Throw: 3 darts (poison)
Press: ? - help, Q - select action, (/) - cycle Shift-Dir - straight line, f/p - Edmund
Aim: Edmund, wielding a +2 dire flail of venom and wearing a +0 chain mail (moderately wounded, ally target, 65% to hit)
Really fire in your quokka's direction?
You throw a poisoned dart. The poisoned dart barely misses Edmund.
The poisoned dart closely misses your quokka.
You feel sick.
Your crimson imp dies!
Your crimson imp disappears in a puff of smoke!
Your hound barely misses Edmund.
You feel sick.
Your hound bites Edmund but does no damage.
The hobgoblin hits your hound.
You feel sick.
Your quokka barely misses Edmund.
Your hound bites Edmund but does no damage.
You feel sick.
You feel sick.
You feel sick.
You are no longer poisoned.
Your hound bites Edmund but does no damage.
There is a stone staircase leading down here.
You hit the hobgoblin.
The hobgoblin is poisoned.
The hobgoblin is severely wounded.
The hobgoblin hits you.
* * * LOW HITPOINT WARNING * * *
Edmund hits you with a +2 dire flail of venom!
You die...

.....(........†........#.....#,,,
......##..###.........<#......,,,
...........#.................(*,,
.........................##..#**,
....†...................##**,* *,
.#.#.........#.h..r....## *,***,
..*#..(........#.#......##**,,**,
...............g##r........,,,,,,
................@@....#......,,,,
..................##..#......,,,,
............####..##.........,,,,
............# #..##.........,,,,
*.......#..## *##....<......#**,,
*,,,,,,,,,,,***,#.#.,.....*** ***
**,,,,,,,,,,,,,,#...,,..##*
,,,,********,,,,...,.,,**
***,**,,,,,*,**,,,,,,,,*


You could see Edmund, a hobgoblin (very poisoned, ally target) and a friendly
quokka (summoned).

Vanquished Creatures
  2 adders
  A ball python (D:2)
  A goblin (D:1)
  A hobgoblin (D:2)
  A quokka (D:2)
  2 rats
8 creatures vanquished.

Vanquished Creatures (collateral kills)
  A bullfrog skeleton (D:4)
  4 adders
  An ufetubus (D:4)
  A worm (D:4)
  2 dart slugs
  3 orcs (D:3)
  9 ball pythons
  8 endoplasms
  5 giant cockroaches
  A goblin (D:2)
  6 hobgoblins
  2 jackals (D:1)
  4 kobolds
  A quokka (D:3)
  A bat (D:2)
  2 frilled lizards
  3 rats
54 creatures vanquished.

Grand Total: 62 creatures vanquished

Notes
Turn   | Place    | Note
-------+----------+-------------------------------------------
     0 | D:1      | firemarshallily the Merfolk Summoner began the quest for
                  | the Orb.
     0 | D:1      | Reached XP level 1. HP: 13/13 MP: 3/3
   349 | D:1      | Found a faded altar of an unknown god.
   357 | D:1      | Reached XP level 2. HP: 19/19 MP: 1/5
   361 | D:1      | Prayed at the altar of an unknown god.
   361 | D:1      | Became a worshipper of Makhleb the Destroyer
   361 | D:1      | Reached * piety under Makhleb
   492 | D:1      | Learned a level 2 spell: Call Imp
   799 | D:1      | Reached XP level 3. HP: 22/24 MP: 0/6
  1080 | D:2      | Learned a level 3 spell: Call Canine Familiar
  1731 | D:2      | Reached XP level 4. HP: 26/30 MP: 4/8
  1939 | D:2      | Reached ** piety under Makhleb
  2382 | D:3      | Reached skill level 5 in Summonings
  3080 | D:4      | Reached XP level 5. HP: 33/35 MP: 5/10
  3136 | D:4      | Noticed Edmund
  3162 | D:4      | Slain by Edmund

Illustrated notes

Levels and vault maps discovered:
D:1:      minmay_arrival_shattered_statue, layout_basic,
          shapermc_ecumenical_altar_mp_highgroup
D:2:      layout_basic, minmay_increasing_density
D:3:      layout_rooms, minmay_surrounded
D:4:      layout_cave_pools, mainiacjoe_overflow_alcove_4, fedhas_altar_2,
          minmay_misc_feat_square, minivault_19, uniq_pikel, uniq_natasha,
          uniq_edmund

Skill      XL: |  1  2  3  4 |
---------------+-------------+-----
Dodging        | 3 |  3.0
Spellcasting   | 3 |  3.7
Summonings     | 5 |  5.4
Stealth        | |  2.1

Action                   |  1- 3 |  4- 6 || total
-------------------------+-------+-------++-------
Melee: Unarmed           |     7 |       ||     7
       Short sword       |     4 |       ||     4
       Punch             |     2 |       ||     2
       Whip              |    14 |    38 ||    52
Throw: Dart              |       |     1 ||     1
 Cast: Summon Small Mamm |    43 |    30 ||    73
       Call Imp          |    14 |    11 ||    25
       Call Canine Famil |     1 |     1 ||     2
  Use: Scroll            |     2 |     5 ||     7
Armor: Robe              |     9 |     5 ||    14
Dodge: Dodged            |    29 |    23 ||    52
